 Dungeon Crawl Stone Soup version 0.31-a0-271-gb88eb75e06 (webtiles) character file.

Game seed: 5798217187402801479

30 qw the Shooter (level 3, -1/29 HPs)
             Began as a Minotaur Hexslinger on July 14, 2023.
             Slain by Sigmund
             ... wielding a +0 scythe
              (5 damage)
             ... on level 2 of the Dungeon.
             The game lasted 00:00:21 (799 turns).

qw the Shooter (Minotaur Hexslinger)                 Turns: 799, Time: 00:00:21

Health: -1/29      AC:  5    Str: 12    XL:     3   Next: 3%
Magic:  3/3        EV: 11    Int: 10    God:
Gold:   74         SH:  0    Dex: 14    Spells: 3/4 levels left

rFire   . . .        Y - +3 sling
rCold   . . .        (no shield)
rNeg    . . .        h - +0 ring mail
rPois   .            (helmet restricted)
rElec   .            (no cloak)
rCorr   .            (no gloves)
SInv    .            (no boots)
Will    .....        (no amulet)
Stlth   +            (no ring)
HPRegen 0.24/turn    (no ring)
MPRegen 0.08/turn

%: no passive effects
@: no status effects
A: horns 2, retaliatory headbutt
a: no special abilities


You were on level 2 of the Dungeon.
You visited 1 branch of the dungeon, and saw 2 of its levels.

You collected 74 gold pieces.


Innate Abilities, Weirdness & Mutations

You have a pair of horns on your head.
You reflexively headbutt those who attack you in melee.


   Skills:
 - Level 2.0 Fighting
 + Level 3.6 Ranged Weapons
 - Level 2.1 Dodging
 - Level 1.0 Spellcasting
 - Level 2.0 Hexes


You had 3 spell levels left.
You knew the following spells:

 Your Spells              Type           Power      Damage    Failure   Level
a - Slow                  Hex            16%        N/A       34%         1

Your spell library contained the following spells:

 Spells                   Type           Power      Damage    Failure   Level
 Inner Flame              Hex/Fire       2%         N/A       83%         3
 Portal Projectile        Hex/Tloc       4%         N/A       83%         3
 Cause Fear               Hex            2%         N/A       98%         4

Inventory:

Hand Weapons
 Y - a +3 sling (weapon)
Armour
 h - a +0 ring mail (worn)
Jewellery
 i - a ring of fire
Scrolls
 b - a scroll of identify
Potions
 a - 2 potions of haste {unknown}
 f - 2 potions of curing
 j - a potion of enlightenment {unknown}

Dungeon Overview and Level Annotations

Branches:
Dungeon (2/15)

Altars:

Annotations:
D:2 Sigmund


Message History

Sigmund and a bat come into view.
Sigmund moves out of view.
Enter note: You shoot a sling bullet.
The sling bullet closely misses the bat.
The bat hits you but does no damage.
You shoot a sling bullet. The sling bullet hits the bat.
You kill the bat!
Sigmund casts a spell at you. The magic dart hits you.
Sigmund casts a spell at you. The puff of flame hits you!
You shoot a sling bullet. The sling bullet hits Sigmund!
Sigmund is moderately wounded.
You shoot a sling bullet.
The sling bullet closely misses Sigmund.
Sigmund gestures at you while chanting. The magic dart hits you.
You shoot a sling bullet. The sling bullet hits Sigmund.
Sigmund is heavily wounded.
Sigmund screams, "Don't try to resist!"
You shoot a sling bullet. The sling bullet hits Sigmund.
Sigmund is severely wounded.
Sigmund barely misses you.
You shoot a sling bullet.
The sling bullet completely misses Sigmund.
An adder comes into view.
Sigmund barely misses you.
You shoot a sling bullet.
The sling bullet closely misses Sigmund.
The adder hisses angrily.
Sigmund hits you from afar with a +0 scythe.
You shoot a sling bullet. The sling bullet hits Sigmund.
Sigmund is almost dead.
Sigmund points at you and mumbles some strange words.
The puff of flame hits you!
You shoot a sling bullet. The sling bullet barely misses Sigmund.
Sigmund whispers, "You'll know eternity soon."
Sigmund hits you from afar with a +0 scythe.
You die...

... #...# # .. #..#
#.#.###### .## #..#
#.#.##.... ..
#..####...##....
##.##....#...##..... .
...................
...####.#..##...########
.....S..........###
.....@%@..........######
#########....##.........
#..######.%..... ####
##...... ##..... #.....
#..... #..... ######


You could see Sigmund and an adder.

Vanquished Creatures
  2 bats
  An endoplasm (D:2)
  3 giant cockroaches (D:1)
  3 goblins
  2 hobgoblins (D:1)
  4 jackals (D:1)
  2 kobolds (D:1)
  5 ball pythons (D:1)
  A frilled lizard (D:1)
  A rat (D:2)
24 creatures vanquished.

Notes
Turn   | Place    | Note
-------+----------+-------------------------------------------
     0 | D:1      | qw the Minotaur Hexslinger began the quest for the Orb.
     0 | D:1      | Reached XP level 1. HP: 16/16 MP: 1/1
     0 | D:1      | 0 ||| qw: Version: 0.3-a-52-g30416fa
     0 | D:1      | 0 ||| qw: Game counter: 7959
     0 | D:1      | 0 ||| qw: Melee chars always use a shield: true
     0 | D:1      | 0 ||| qw: God list: Okawaru
     0 | D:1      | 0 ||| qw: Allow faded altars: false
     0 | D:1      | 0 ||| qw: Do Orc after clearing Dungeon:15 true
     0 | D:1      | 0 ||| qw: Do second Lair branch before Depths: true
     0 | D:1      | 0 ||| qw: Lair rune preference: random
     0 | D:1      | 0 ||| qw: Goals: Normal
     0 | D:1      | 0 ||| PLANNING D:1-11
    42 | D:1      | 42 ||| FLEEEEING.
   117 | D:1      | Reached skill level 3 in Ranged Weapons
   120 | D:1      | Reached XP level 2. HP: 17/23 MP: 2/2
   678 | D:1      | 678 ||| UPGRADING to +0 ring mail.
   688 | D:1      | 688 ||| DROPPING +0 robe.
   689 | D:1      | 689 ||| READING scroll labelled ZUICZI TUIRIS.
   690 | D:1      | 690 ||| READING scroll labelled XIN OMUXEF.
   691 | D:1      | 691 ||| READING 2 scrolls labelled JOLEOD TOAFUED.
   692 | D:1      | 692 ||| READING scroll of enchant weapon.
   692 | D:1      | 692 ||| ENCHANTING +2 sling.
   693 | D:1      | 693 ||| READING scroll labelled EHILOH WYMIATA.
   694 | D:1      | 694 ||| DRINKING 3 white potions.
   695 | D:1      | 695 ||| DRINKING 2 yellow potions.
   696 | D:1      | 696 ||| DROPPING scroll of poison.
   697 | D:1      | 697 ||| DROPPING potion of brilliance.
   767 | D:2      | Reached XP level 3. HP: 29/29 MP: 3/3
   789 | D:2      | Noticed Sigmund
   798 | D:2      | HP: 4/29 [Sigmund/puff of flame (9)]
   799 | D:2      | Slain by Sigmund

Levels and vault maps discovered:
D:1:      dpeg_arrival_line_fractal, layout_loops_cross
D:2:      layout_rooms, basic_ecumenical_altar, uniq_robin, uniq_natasha,
          uniq_sigmund

Skill      XL: |  1  2 |
---------------+-------+-----
Ranged Weapons | 3 |  3.6
Fighting       | 2 |  2.0
Dodging        | |  2.1
Spellcasting   | |  1.0
Hexes          | |  2.0

Action                     || total
---------------------------++-------
   Fire: Sling             ||    72
    Use: Scroll            ||     5
         Potion            ||     2
 Armour: Robe              ||    10
         Ring mail         ||     1
  Dodge: Dodged            ||    18

Table legend:
 A = Non-vault XP
 B = Vault XP
 C = Vault XP percentage of total XP
 D = Non-vault monster count
 E = Vault monster count
 F = Vault count percentage of total count
                 A         B        C        D         E       F
            +---------+---------+-------+---------+---------+-------
      Total |      43 |       0 |   0.0 |      24 |       0 |   0.0
            +---------+---------+-------+---------+---------+-------
        D:1 |      36 |       0 |   0.0 |      20 |       0 |   0.0
        D:2 |       7 |       0 |   0.0 |       4 |       0 |   0.0
            +---------+---------+-------+---------+---------+-------
